[Event "Early-Titled-Tuesday-Blitz-February-06-2024"]
[Site "Chess.com"]
[Date "2024.02.06"]
[Round "7"]
[White "Agibileg"]
[Black "Sam_ChessMood"]
[Result "0-1"]
[WhiteElo "2748"]
[BlackElo "2921"]
[TimeControl "180+1"]
[EndTime "9:17:27 PST"]
[Termination "Sam_ChessMood won by resignation"]

1. d4 Nf6 2. c4 e6 3. Nc3 Bb4 4.
e3 O-O 5. Bd3 c5 6. Ne2 Nc6 7. O-O d5 8. cxd5 cxd4 9. exd4 Nxd5 10.
a3 Bd6 11. Re1 Nce7 12. Bg5 f6 13. Bd2 b6 14. Qc2 h6 15. Bc4 Kh8 16. Ba2 Bd7 17.
Rad1 Rc8 18. Bb1 f5 19. Qd3 Bc6 20. Ng3 Nxc3 21. bxc3 Bd5 22. Nh5 Ng6 23. Qh3 Qd7 24. Ng3 Nf4 25. Bxf4 Bxf4 26. Nf1 Bd6 27. Ne3 Rxc3 28.
Bd3 Bb3 29. Rd2 Bxa3 30. d5 Bb4 31. dxe6 Bxe6 32. Nd1 Ra3 33. Rde2 Rxd3 34. Ne3 Bxe1 0-1

[Event "Early-Titled-Tuesday-Blitz-February-06-2024"]
[Site "Chess.com"]
[Date "2024.02.06"]
[Round "7"]
[White "SARGISMV"]
[Black "aghasiyevkamal"]
[Result "0-1"]
[WhiteElo "2465"]
[BlackElo "2653"]
[TimeControl "180+1"]
[EndTime "9:17:27 PST"]
[Termination "aghasiyevkamal won on time"]

1. d4 d5 2. c4 e6 3. Nc3 Nf6 4. Bg5 Be7 5. Nf3 Nbd7 6. e3 O-O 7. cxd5 Nxd5 8. Bxe7 Nxe7 9. Bd3 c5 10. dxc5 Nxc5 11. Bxh7+ Kxh7 12. Ng5+ Kg6 13. Qg4 Nd3+ 14. Ke2 Ne5 15.
Qe4+ Nf5 16. h4 b6 17. Qxe5 f6 18. Qe4 fxg5 19. g4 Ba6+ 20. Ke1 gxh4 21. Qxe6+ Kh7 22. gxf5 Qg5 23. Ne4 Qh5 24. Ng3 Qg4 25. Qg6+ Qxg6 26. fxg6+ Kxg6 27. Rxh4 Rac8 28. Rg4+ Kh7 29. Ra4 Bb5 30.
Rb4 Ba6 31. Ra4 Bb5 32. Rb4 Rc5 33. Rh4+ Kg8 34. Rd1 Rc2 35. Ne4 Re2+ 36. Kf1 Rexf2+ 37. Kg1 Rxb2 0-1

[Event "Early-Titled-Tuesday-Blitz-February-06-2024"]
[Site "Chess.com"]
[Date "2024.02.06"]
[Round "7"]
[White "DarkAlekhine"]
[Black "Flameboard08"]
[Result "1-0"]
[WhiteElo "2744"]
[BlackElo "2567"]
[TimeControl "180+1"]
[EndTime "9:17:29 PST"]
[Termination "DarkAlekhine won by checkmate"]

1. e4 b6 2. d4 Bb7 3. Bd3 e6 4. Nf3 Nf6 5. Nbd2 d5 6. e5 Ne4 7. O-O Nxd2 8. Bxd2 Ba6 9. Bxa6 Nxa6 10. c3 Qd7 11. a4 c5 12. a5 b5 13. Ng5 h6 14.
Nh3 g6 15. Kh1 Rc8 16. Qe2 Qc6 17. Rac1 Be7 18. b4 c4 19. Be3 Qd7 20. Qd2 h5 21. Bg5 Bxg5 22. Nxg5 Qe7 23. h4 Nb8 24.
Rfe1 Nc6 25. Re3 O-O 26. Rce1 Qe8 27. Rf3 Ne7 28. Rf6 Kg7 29. f3 Ng8 30. Rf4 Ne7 31. g4 hxg4 32. fxg4 Nc6 33. Kg2 Nd8 34. Rh1 Qe7 35. Rf6 Rh8 36. h5 Rc7 37. Qf4 Qe8 38.
h6+ Kg8 39. h7+ Kg7 40. Rxg6+ Kf8 41. Rg8+ Rxg8 42.
hxg8=Q+ Kxg8 43. Qf6 Qf8 44. Rh8# 1-0

[Event "Early-Titled-Tuesday-Blitz-February-06-2024"]
[Site "Chess.com"]
[Date "2024.02.06"]
[Round "7"]
[White "IriBu"]
[Black "Bkmzzzzz"]
[Result "1-0"]
[WhiteElo "2538"]
[BlackElo "2384"]
[TimeControl "180+1"]
[EndTime "9:17:29 PST"]
[Termination "IriBu won by resignation"]

1. d4 d5 2. Nf3 e6 3. c4 dxc4 4.
e3 Nf6 5. Bxc4 c5 6. O-O a6 7. a4 Nc6 8. Nc3 Be7 9. b3 O-O 10. Bb2 cxd4 11. exd4 Nb4 12. Ne5 b6 13. Qf3 Rb8 14.
Ne4 Bb7 15. Nxf6+ Bxf6 16. Qh3 a5 17. Rad1 Bd5 18. Bc3 Qd6 19. Ng4 Be7 20. Bxb4 Qxb4 21.
Bxd5 exd5 22. Ne5 Rbc8 23. Qd7 Rfd8 24. Qb7 Qd6 25. Rc1 Rb8 26. Qa6 Bf8 27. Rc6 Qb4 28. Qd3 Re8 29. h4 f6 30. Nf3 Re4 31.
Rfc1 Rbe8 32. Rc8 Bd6 33. Rxe8+ Rxe8 34. Qb5 Qa3 35. Rc6 Qa1+ 36. Qf1 Qxf1+ 37. Kxf1 Bb4 38.
g3 Re4 39. Rxb6 g5 40. hxg5 fxg5 41. Nxg5 Rxd4 42. Rb8+ Kg7 43. Ne6+ 1-0

[Event "Early-Titled-Tuesday-Blitz-February-06-2024"]
[Site "Chess.com"]
[Date "2024.02.06"]
[Round "7"]
[White "Asteroxylon"]
[Black "JoliyRoger"]
[Result "1-0"]
[WhiteElo "2375"]
[BlackElo "2493"]
[TimeControl "180+1"]
[EndTime "9:17:29 PST"]
[Termination "Asteroxylon won by resignation"]

1. e4 c6 2. Nc3 d5 3. Nf3 Nf6 4.
e5 Ne4 5. Ne2 e6 6. Ng3 Nxg3 7.
fxg3 Be7 8. d4 O-O 9. Bd3 c5 10. h4 h6 11. c3 b6 12. Bf4 Ba6 13. Bc2 cxd4 14. Nxd4 Nd7 15. Qg4 f5 16. exf6 Nxf6 17. Qxe6+ Kh8 18. O-O-O Bc8 19. Qe3 Bg4 20. Nc6 Qd7 21.
Nxe7 Bxd1 22. Ng6+ Kg8 23. Nxf8 Rxf8 24. Rxd1 Re8 25. Qd3 Qg4 26. Bb3 Rd8 27. Kb1 Kh8 28. a4 a5 29. Bc2 Ne4 30. Qf3 Qg6 31. h5 Qe8 32. Bxe4 dxe4 33. Rxd8 Qxd8 34. Qxe4 Qd1+ 35. Ka2 Qb3+ 36. Kxb3 1-0

[Event "Early-Titled-Tuesday-Blitz-February-06-2024"]
[Site "Chess.com"]
[Date "2024.02.06"]
[Round "7"]
[White "CFalcons8"]
[Black "Muslim_player_05"]
[Result "1-0"]
[WhiteElo "2325"]
[BlackElo "2474"]
[TimeControl "180+1"]
[EndTime "9:17:29 PST"]
[Termination "CFalcons8 won on time"]

1. e4 e5 2. Nf3 Nc6 3. Bb5 a5 4. O-O d6 5. d4 exd4 6. Nxd4 Bd7 7. c4 Nf6 8. Nc3 Be7 9. f3 O-O 10. Be3 Ne5 11. Bxd7 Nfxd7 12. Qe2 a4 13. Nd5 Re8 14.
f4 Nc6 15. Nb5 Rc8 16. Qc2 Bf8 17. Bd2 Nc5 18. Rae1 Nd4 19. Nxd4 c6 20. Nc3 Qf6 21. Be3 g6 22. f5 g5 23. Nf3 h6 24. Bd4 Qd8 25.
e5 dxe5 26. Bxe5 Nd3 27. Rd1 Nxe5 28. Rxd8 Rcxd8 29. Nxe5 Rxe5 30. Ne4 Rd4 31. Nf6+ Kh8 32. Nh5 Bc5 33. Kh1 Rh4 34. Ng3 Rf4 35. Rd1 h5 36. Nxh5 Rfxf5 37. Ng3 Rf2 38. Qd3 Kg7 39. Nh5+ Kf8 40. Qh7 Ke7 41. Qh8 Bd4 42. Qb8 Rd2 43. Qxe5+ Bxe5 44. Rxd2 b5 45. cxb5 cxb5 46. b3 a3 47. Ng3 Ke6 48. Ne4 f6 49. Nc5+ 1-0

[Event "Early-Titled-Tuesday-Blitz-February-06-2024"]
[Site "Chess.com"]
[Date "2024.02.06"]
[Round "7"]
[White "cthulhuuu"]
[Black "NelsonLinda"]
[Result "1-0"]
[WhiteElo "2410"]
[BlackElo "2569"]
[TimeControl "180+1"]
[EndTime "9:17:30 PST"]
[Termination "cthulhuuu won by resignation"]

1. e4 c6 2. d3 g6 3. Nf3 Bg7 4. g3 d6 5. Bg2 Nd7 6. O-O Ngf6 7. c3 O-O 8. b4 a5 9. Bb2 Ne8 10. a3 axb4 11. axb4 Rxa1 12. Bxa1 d5 13. Nbd2 dxe4 14. dxe4 Nb6 15. e5 Bg4 16. h3 Bxf3 17.
Nxf3 Qxd1 18. Rxd1 Nc7 19. Bf1 Ra8 20. c4 Ne6 21.
Bb2 Ra2 22. Rb1 Na4 23. Ra1 Rxb2 24. Rxa4 h6 25. b5 cxb5 26. cxb5 Rb3 27. Kg2 Kh7 28. Ra7 Nc5 29. Bc4 Rb4 30. Bxf7 Rxb5 31. Nh4 Bxe5 32. Bxg6+ Kg7 33. Be8 e6 34. Bxb5 1-0

[Event "Early-Titled-Tuesday-Blitz-February-06-2024"]
[Site "Chess.com"]
[Date "2024.02.06"]
[Round "7"]
[White "Harsha_Bharathakoti"]
[Black "Akewjon"]
[Result "1-0"]
[WhiteElo "2939"]
[BlackElo "2773"]
[TimeControl "180+1"]
[EndTime "9:17:31 PST"]
[Termination "Harsha_Bharathakoti won on time"]

1. Nf3 Nf6 2. c4 e6 3. Nc3 d5 4. e3 Bd6 5. b3 O-O 6. Bb2 Nc6 7. cxd5 exd5 8. Ne2 Re8 9. a3 Bg4 10. Ng3 d4 11.
Bb5 dxe3 12. dxe3 h5 13. Qc2 h4 14. Nxh4 Be5 15. O-O Bxb2 16. Qxb2 Qd5 17. Be2 Qg5 18. Nf3 Bxf3 19. Bxf3 Ne5 20. Bxb7 Rab8 21. f4 Qh4 22. Nf5 Qh5 23. fxe5 Ng4 24. h3 Nxe5 25. Be4 g6 26. Nd4 Qg5 27. Rae1 c5 28. Nc6 Nc4 29. Qf2 1-0

[Event "Early-Titled-Tuesday-Blitz-February-06-2024"]
[Site "Chess.com"]
[Date "2024.02.06"]
[Round "7"]
[White "platy3"]
[Black "NEPHILIM-SLAYER"]
[Result "1-0"]
[WhiteElo "2933"]
[BlackElo "2754"]
[TimeControl "180+1"]
[EndTime "9:17:32 PST"]
[Termination "platy3 won on time"]

1. e4 c5 2. Nf3 e6 3. d4 cxd4 4. Nxd4 Nc6 5. Nc3 Qc7 6. Be3 a6 7. Qf3 b5 8. Qg3 d6 9. Nxc6 Qxc6 10. Bd3 Bb7 11. f3 Nf6 12. O-O-O Rc8 13. Kb1 b4 14. Ne2 d5 15. Nd4 Qa4 16. e5 Nd7 17. f4 g6 18.
h4 Nc5 19. h5 Rg8 20. hxg6 hxg6 21. Qf2 Ne4 22. Bxe4 dxe4 23. g4 Bd5 24. b3 Qa5 25. f5 gxf5 26. gxf5 Rc3 27. fxe6 fxe6 28. Rh7 Rc7 29. Nc6 Bxc6 30. Bb6 Bc5 31. Qf6 1-0

[Event "Early-Titled-Tuesday-Blitz-February-06-2024"]
[Site "Chess.com"]
[Date "2024.02.06"]
[Round "7"]
[White "MasterKroket"]
[Black "GianmarcoVaR"]
[Result "0-1"]
[WhiteElo "2495"]
[BlackElo "2680"]
[TimeControl "180+1"]
[EndTime "9:17:32 PST"]
[Termination "GianmarcoVaR won by checkmate"]

1. e4 c5 2. Nf3 d6 3. d4 cxd4 4. Nxd4 Nf6 5. Nc3 a6 6. Be3 e5 7. Nb3 Be7 8. f3 Be6 9. Qd2 h5 10. O-O-O Nbd7 11. Kb1 Rc8 12. Nd5 Nxd5 13. exd5 Bf5 14.
Bd3 Bxd3 15. Qxd3 Bg5 16. Bf2 O-O 17. h4 Bh6 18. g4 Bf4 19. Nd2 Nf6 20. g5 Bxd2 21.
gxf6 Bh6 22. fxg7 Bxg7 23. Qf5 Qf6 24. Qxh5 Qg6 25. Qxg6 fxg6 26. Rd3 e4 27. Rb3 Rxf3 28.
Be3 b5 29. a3 Rcf8 30. Ka2 R8f5 31. Rd1 Bf6 32. a4 Bxh4 33. axb5 axb5 34. Rd4 Re5 35. Ka3 g5 36. Kb4 g4 37. Kxb5 g3 38. Rd2 Bg5 39.
Bxg5 Rxb3+ 40. cxb3 Rxg5 41. Rg2 e3 42. Kc6 e2 43.
Rxe2 g2 44. Rxg2 Rxg2 45. Kxd6 Kf8 46. b4 Ke8 47. Kc7 Rc2+ 48. Kb6 Rxb2 49. b5 Kd7 50. Ka6 Kc7 51. d6+ Kxd6 52. b6 Kc6 53. Ka7 Rxb6 54. Ka8 Kc7 55. Ka7 Rc6 56. Ka8 Ra6# 0-1

[Event "Early-Titled-Tuesday-Blitz-February-06-2024"]
[Site "Chess.com"]
[Date "2024.02.06"]
[Round "7"]
[White "Al_Shima"]
[Black "Nasrin_Babayeva"]
[Result "1-0"]
[WhiteElo "2334"]
[BlackElo "1929"]
[TimeControl "180+1"]
[EndTime "9:17:33 PST"]
[Termination "Al_Shima won on time"]

1. e4 e6 2. d4 d5 3. Nd2 h6 4. Ngf3 Nf6 5. Bd3 c5 6. c3 Nc6 7. e5 Nd7 8. O-O g5 9. h3 Qb6 10. dxc5 Bxc5 11. Qe2 Qc7 12. Nb3 Bb6 13. Nbd4 Ncxe5 14. Nb5 Qb8 15. Re1 Nxf3+ 16. Qxf3 a6 17. Nd4 O-O 18.
Qh5 Ne5 19. Qxh6 Nxd3 20. Bxg5 Bd8 21. Bxd8 Rxd8 22. Qg5+ Kh7 23. Qxd8 Nxe1 24. Rxe1 Qf4 25. Re3 b5 26. Rf3 Qc1+ 27. Kh2 Bb7 28. Rxf7+ Kg6 29.
Qf6+ 1-0

[Event "Early-Titled-Tuesday-Blitz-February-06-2024"]
[Site "Chess.com"]
[Date "2024.02.06"]
[Round "7"]
[White "Paladin61"]
[Black "Muracle"]
[Result "1-0"]
[WhiteElo "2668"]
[BlackElo "2482"]
[TimeControl "180+1"]
[EndTime "9:17:34 PST"]
[Termination "Paladin61 won on time"]

1. e4 c6 2. Nc3 d5 3. d4 dxe4 4.
Nxe4 Nf6 5. Ng3 h5 6. N3e2 Bg4 7.
h3 Bf5 8. Nf3 e6 9. Ng3 Bh7 10. c3 c5 11. Bb5+ Nc6 12. Ne5 Qd5 13. Qa4 Rc8 14. Qxa7 Bd6 15. Qxb7 Bxe5 16. Qxc8+ Ke7 17.
Qxc6 Qxc6 18. Bxc6 cxd4 19. cxd4 Bxd4 20. Be3 Bxb2 21.
Bc5+ Kd8 22. Rd1+ Kc7 23. Bb5 Rb8 24. a4 Kc8 25. O-O Be5 26. Rfe1 Bf4 27. Ne2 Bc7 28.
Nd4 Be5 29. Rxe5 Nd5 30. Nc6 Rb7 31. Nb4 Nc3 32. Rc1 1-0

[Event "Early-Titled-Tuesday-Blitz-February-06-2024"]
[Site "Chess.com"]
[Date "2024.02.06"]
[Round "7"]
[White "AA95"]
[Black "erugee"]
[Result "1-0"]
[WhiteElo "2506"]
[BlackElo "2334"]
[TimeControl "180+1"]
[EndTime "9:17:34 PST"]
[Termination "AA95 won on time"]

1. Nf3 e6 2. d4 d5 3. c4 f5 4. h3 c6 5. g4 Nf6 6. Nc3 Bb4 7. g5 Bxc3+ 8. bxc3 Ne4 9. Qc2 Qa5 10.
Bd2 O-O 11. e3 Nd7 12. Bd3 Nxd2 13. Kxd2 dxc4 14. Bxc4 Nb6 15. Bb3 Nd5 16. Ne5 Qd8 17. f4 c5 18. h4 a5 19. a4 b6 20. Ke2 Ba6+ 21. Kf2 cxd4 22. cxd4 Rc8 23. Qd2 Qd6 24. Rhc1 Rfd8 25. Rxc8 Rxc8 26. Rc1 Rxc1 27. Qxc1 h5 28. Bxd5 Qxd5 29. Qc7 Bb7 30. Qb8+ 1-0

[Event "Early-Titled-Tuesday-Blitz-February-06-2024"]
[Site "Chess.com"]
[Date "2024.02.06"]
[Round "7"]
[White "deepfear"]
[Black "yuriydovzik"]
[Result "1-0"]
[WhiteElo "1982"]
[BlackElo "2202"]
[TimeControl "180+1"]
[EndTime "9:17:34 PST"]
[Termination "deepfear won on time"]

1. e4 e6 2. Nf3 a6 3. e5 c5 4.
d4 cxd4 5. Qxd4 Nc6 6. Qd1 Qc7 7.
Bf4 Nge7 8. Bd3 Ng6 9. Bxg6 hxg6 10. Nbd2 g5 11. Bg3 g4 12. Ng5 Nxe5 13. f4 gxf3 14.
Ngxf3 Bd6 15. O-O Nxf3+ 16. Qxf3 O-O 17. Bxd6 Qxd6 18. Ne4 Qd4+ 19. Kh1 d5 20. Ng5 f6 21. Qh5 fxg5 22. Rxf8+ Kxf8 23. Qh8+ Ke7 24. Rf1 Kd7 25.
Rf7+ Kc6 26. Qe8+ Kb6 27. Qd8+ 1-0

[Event "Early-Titled-Tuesday-Blitz-February-06-2024"]
[Site "Chess.com"]
[Date "2024.02.06"]
[Round "7"]
[White "GHANDEEVAM2003"]
[Black "Denis_Makhnyov"]
[Result "1-0"]
[WhiteElo "3041"]
[BlackElo "3024"]
[TimeControl "180+1"]
[EndTime "9:17:38 PST"]
[Termination "GHANDEEVAM2003 won on time"]

1. Nf3 d5 2. c4 d4 3. e3 c5 4. b4 dxe3 5. fxe3 cxb4 6. d4 Nf6 7. Be2 e6 8. O-O b6 9. Bb2 Bb7 10. Nbd2 Be7 11. Qc2 O-O 12. e4 Nbd7 13. e5 Ng4 14.
Qb3 a5 15. Rae1 a4 16. Qd3 Nc5 17. dxc5 Bxc5+ 18. Bd4 Nxe5 19. Qe3 Ng4 20. Qf4 e5 21.
Qxg4 f5 22. Qg3 Bxd4+ 23. Kh1 Bc3 24. Rd1 Qf6 25. c5 e4 26. Ng5 Be5 27. Ngxe4 fxe4 28. Rxf6 Bxg3 29. Bc4+ Kh8 30. Rxb6 e3 31. hxg3 Bc8 32. Nf3 Bg4 33. Be2 b3 34. axb3 a3 35. Ra1 Rfe8 36. Ra6 Rxa6 37. Bxa6 Bxf3 38. gxf3 e2 39. Bxe2 Rxe2 40.
Rxa3 h5 41. b4 1-0

[Event "Early-Titled-Tuesday-Blitz-February-06-2024"]
[Site "Chess.com"]
[Date "2024.02.06"]
[Round "7"]
[White "LyonBeast"]
[Black "AnishOnYoutube"]
[Result "1-0"]
[WhiteElo "3158"]
[BlackElo "3008"]
[TimeControl "180+1"]
[EndTime "9:17:38 PST"]
[Termination "LyonBeast won by resignation"]

1. e4 e5 2. Nf3 Nc6 3. Bb5 Nf6 4. O-O Nxe4 5. d4 Nd6 6. Bxc6 dxc6 7. dxe5 Nf5 8.
Qxd8+ Kxd8 9. Nc3 Ke8 10. Bf4 h6 11. Rad1 g5 12. Bc1 Be7 13. Ne4 Kf8 14. Rfe1 Be6 15. Nf6 Rd8 16. g4 Ng7 17. Be3 Rxd1 18. Rxd1 c5 19. h3 b6 20. a4 Ne8 21. Nd5 Bxd5 22. Rxd5 Ng7 23. Nd2 Ne6 24. Ne4 Kg7 25. Kf1 h5 26. Rd7 Kf8 27. Ng3 Ke8 28. Rd2 hxg4 29. hxg4 f6 30. exf6 Bxf6 31. c3 a6 32. Kg2 Be5 33. Rd5 Bxg3 34. Kxg3 Rg8 35. Kf3 Ke7 36.
Ke4 c6 37. Rd1 Kf6 38. Rd6 Rc8 39. Bxg5+ Kxg5 40. Rxe6 Kxg4 41. f4 a5 42. f5 Kg5 43.
Ke5 b5 44. Rg6+ Kh5 45. Rg2 bxa4 46. f6 Re8+ 47. Kf5 1-0

[Event "Early-Titled-Tuesday-Blitz-February-06-2024"]
[Site "Chess.com"]
[Date "2024.02.06"]
[Round "7"]
[White "koncheto"]
[Black "ReinisUz"]
[Result "1-0"]
[WhiteElo "2518"]
[BlackElo "2347"]
[TimeControl "180+1"]
[EndTime "9:17:38 PST"]
[Termination "koncheto won by checkmate"]

1. e4 c5 2. Nf3 Nc6 3. d4 cxd4 4.
Nxd4 g6 5. c4 Bg7 6. Be3 Nf6 7.
Nc3 Ng4 8. Qxg4 Nxd4 9. Qd1 e5 10. Bd3 O-O 11. O-O d6 12. Ne2 Ne6 13. Rc1 Bd7 14.
Qd2 Bc6 15. Rfd1 f5 16. f3 Qe7 17. b4 Nd4 18. b5 Bd7 19. Nxd4 exd4 20. Bf2 fxe4 21.
Bxe4 Bf5 22. Bxf5 Rxf5 23. Bxd4 Bf8 24. Re1 Qf7 25. Bb2 Rc8 26. Qd3 b6 27. a4 Rfc5 28.
Qd4 Bg7 29. Qxg7+ Qxg7 30. Bxg7 Kxg7 31. Re7+ Kf6 32. Rxh7 d5 33. Rxa7 dxc4 34. Rb7 c3 35. Rxb6+ Kf5 36. Rd6 c2 37. Rd2 Kf4 38. Kf2 Rc4 39. Rd5 g5 40. g3# 1-0

[Event "Early-Titled-Tuesday-Blitz-February-06-2024"]
[Site "Chess.com"]
[Date "2024.02.06"]
[Round "7"]
[White "doctorcristian"]
[Black "cthake"]
[Result "1-0"]
[WhiteElo "2597"]
[BlackElo "1796"]
[TimeControl "180+1"]
[EndTime "9:17:38 PST"]
[Termination "doctorcristian won by resignation"]

1. d4 b6 2. e4 Bb7 3. f3 e6 4.
Nh3 Bb4+ 5. c3 Be7 6. Be2 c5 7. O-O Nf6 8. Na3 cxd4 9. cxd4 O-O 10. Nf2 d5 11. e5 Nfd7 12. Nc2 Ba6 13. Bxa6 Nxa6 14.
f4 g6 15. Bd2 Rc8 16. g4 Qc7 17. Rc1 Qd8 18. Kh1 Re8 19. f5 Bg5 20. f6 Bh4 21. Nd3 g5 22. Rf3 Nf8 23. Be3 Ng6 24. Qd2 h6 25.
Rg1 Qc7 26. Nce1 Qc4 27. Ng2 Kh7 28. Rh3 Qc2 29. Rd1 Qxd2 30. Rxd2 Rc1+ 31. Nxc1 Nb4 32. a3 Nc6 33. Nb3 Na5 34. Nxa5 bxa5 35. Bf2 Bxf2 36. Rxf2 Rc8 37. Rc3 Rb8 38. b3 a4 39. b4 a5 40. Rb2 axb4 41. Rxb4 Rf8 42. h4 gxh4 43.
Kh2 1-0

[Event "Early-Titled-Tuesday-Blitz-February-06-2024"]
[Site "Chess.com"]
[Date "2024.02.06"]
[Round "7"]
[White "MaxLeto"]
[Black "mary-sanna"]
[Result "0-1"]
[WhiteElo "2454"]
[BlackElo "2200"]
[TimeControl "180+1"]
[EndTime "9:17:38 PST"]
[Termination "mary-sanna won by checkmate"]

1. g4 d5 2. Bg2 Bxg4 3. c4 Nf6 4. Qb3 Nbd7 5. cxd5 Nb6 6. Nc3 Qd7 7. Nf3 Bxf3 8.
Bxf3 g6 9. d3 Rd8 10. Bd2 Bg7 11. h4 h5 12. O-O-O O-O 13. e4 c6 14. dxc6 Qxd3 15. Be3 Qa6 16. e5 Nh7 17. e6 bxc6 18. exf7+ Kh8 19. Be4 Nd5 20. Bd4 Rxf7 21. Bxg6 Rf4 22.
Bxg7+ Kxg7 23. Bxh5 Rdf8 24. Rhg1+ Kh8 25. Be2 Qc8 26. Nxd5 cxd5+ 27. Kb1 Qf5+ 28. Bd3 Qf7 29. Qc3+ Qf6 30. Qc7 Rxf2 31. Qxa7 Qxb2# 0-1

[Event "Early-Titled-Tuesday-Blitz-February-06-2024"]
[Site "Chess.com"]
[Date "2024.02.06"]
[Round "7"]
[White "NM_Antelacus"]
[Black "NtcPou"]
[Result "1-0"]
[WhiteElo "2229"]
[BlackElo "2010"]
[TimeControl "180+1"]
[EndTime "9:17:39 PST"]
[Termination "NM_Antelacus won by resignation"]

1. e4 c6 2. d4 d5 3. e5 Bf5 4.
Nf3 e6 5. Be2 Nd7 6. O-O h6 7. Be3 Ne7 8. c3 g5 9. Nbd2 Bh7 10.
Ne1 Nf5 11. Nd3 Bg7 12. Nf3 O-O 13. Qd2 Rc8 14. b4 f6 15. exf6 Nxf6 16. Nfe5 Ne4 17.
Qc2 Nxe3 18. fxe3 Bxe5 19. dxe5 Rf5 20. Bg4 Rxf1+ 21. Rxf1 Qe7 22. c4 Rf8 23. Rxf8+ Kxf8 24. cxd5 cxd5 25. Qc8+ Kg7 26. Qxe6 Qxe6 27. Bxe6 Bg8 28.
Bf5 Nc3 29. a3 b5 30. Bd7 Nb1 31. Bxb5 Nxa3 32. Ba6 Kg6 33. Kf2 Kf5 34. Nc5 Nc2 35. Nd3 Na3 36. b5 Ke4 37. Ke2 Be6 38. Bb7 Bg4+ 39. Kd2 Nc4+ 40. Kc3 Nxe3 41. Nb4 Kxe5 42. Kd3 d4 43. Nc6+ Kd6 44. Nxd4 Kc7 45. Be4 Nxg2 46.
Bxg2 Bh3 47. Bxh3 1-0

[Event "Early-Titled-Tuesday-Blitz-February-06-2024"]
[Site "Chess.com"]
[Date "2024.02.06"]
[Round "7"]
[White "AlmasRakhmatullaev"]
[Black "lachesisQ"]
[Result "0-1"]
[WhiteElo "2910"]
[BlackElo "3089"]
[TimeControl "180+1"]
[EndTime "9:17:40 PST"]
[Termination "lachesisQ won on time"]

1. e4 c5 2. Nf3 d6 3. d4 cxd4 4.
Qxd4 a6 5. Be2 Nc6 6. Qe3 Bg4 7. O-O g6 8. h3 Bxf3 9. Bxf3 Bg7 10. Rd1 Qc7 11.
c3 Nf6 12. g3 O-O 13. Na3 b5 14.
Nc2 Rab8 15. Nd4 Ne5 16. Bg2 Rfc8 17. a3 Nfd7 18. Qe2 Nb6 19. Bf4 Na4 20. Rac1 Nc4 21.
b3 e5 22. bxc4 exf4 23. cxb5 fxg3 24. bxa6 Nxc3 25. Rxc3 Qxc3 26. Nb5 gxf2+ 27. Kf1 Qa5 28. Nxd6 Rc7 29. e5 Bxe5 30. Nb7 Qxa3 31. Kxf2 Re7 32. Kf1 Bg3 33. Qc4 Qe3 0-1

[Event "Early-Titled-Tuesday-Blitz-February-06-2024"]
[Site "Chess.com"]
[Date "2024.02.06"]
[Round "7"]
[White "lilleper1"]
[Black "blitzking1729"]
[Result "1-0"]
[WhiteElo "2917"]
[BlackElo "2739"]
[TimeControl "180+1"]
[EndTime "9:17:40 PST"]
[Termination "lilleper1 won by resignation"]

1. e4 d6 2. d4 Nf6 3. Nc3 e5 4. Nf3 Nbd7 5. Bc4 Be7 6. O-O O-O 7. a4 c6 8. h3 h6 9. Re1 Re8 10. b3 Bf8 11. Bb2 exd4 12. Qxd4 Qb6 13. Qd2 a5 14.
Rad1 Nc5 15. e5 dxe5 16. Nxe5 Be6 17. Qf4 Qc7 18. Qh4 Rad8 19. Rxd8 Qxd8 20. Rd1 Qc7 21. Bxe6 Rxe6 22. Nc4 Nce4 23. Nxe4 Rxe4 24. Qg3 Qxg3 25.
fxg3 Nd5 26. Nxa5 Re2 27. Bd4 Rxc2 28. Nxb7 c5 29. Bf2 Nc3 30. Rd8 Ne4 31. Be3 f5 32. a5 Kf7 33. Kh2 Ra2 34. Rc8 g5 35. Rc6 Ra3 36. a6 Rxb3 37. Bxc5 Nxc5 38. Nxc5 Ra3 39. Nd7 Bg7 40. h4 Ke7 41. Nc5 Be5 42. Re6+ 1-0

[Event "Early-Titled-Tuesday-Blitz-February-06-2024"]
[Site "Chess.com"]
[Date "2024.02.06"]
[Round "7"]
[White "Ruchess27"]
[Black "SahibSinghKnight"]
[Result "0-1"]
[WhiteElo "2452"]
[BlackElo "2644"]
[TimeControl "180+1"]
[EndTime "9:17:40 PST"]
[Termination "SahibSinghKnight won by checkmate"]

1. d4 d5 2. c4 e6 3. Nf3 c6 4. e3 Bd6 5. Nc3 f5 6. Bd3 Nf6 7. O-O O-O 8. Ne5 Bxe5 9. dxe5 Ng4 10. f4 d4 11. Ne2 dxe3 12. Qb3 Na6 13. Bc2 b5 14.
cxb5 Rb8 15. a4 cxb5 16. axb5 Nc7 17. h3 Rxb5 18. Qc4 Nh6 19. Rxa7 Bb7 20. Nd4 Rb6 21. Bxe3 Nd5 22. Bf2 Rb4 23. Qc5 Qc8 24. Qxc8 Rxc8 25. Bd3 Nxf4 26. Bb1 Bxg2 27. Rd1 Bd5 28. Kh2 Rxb2 29.
Kg3 Rc3+ 30. Kxf4 Rxf2+ 31. Kg5 Nf7+ 32. Kh4 g5+ 33. Kh5 Rxh3# 0-1

[Event "Early-Titled-Tuesday-Blitz-February-06-2024"]
[Site "Chess.com"]
[Date "2024.02.06"]
[Round "7"]
[White "Kildepiotr"]
[Black "Herzog2012"]
[Result "1-0"]
[WhiteElo "2685"]
[BlackElo "2527"]
[TimeControl "180+1"]
[EndTime "9:17:41 PST"]
[Termination "Kildepiotr won on time"]

1. Nf3 Nf6 2. g3 b5 3. Bg2 Bb7 4. O-O e6 5. d3 c5 6. e4 d6 7.
a4 a6 8. Na3 b4 9. Nc4 Nbd7 10.
a5 Be7 11. b3 O-O 12. Bb2 Qc7 13. e5 dxe5 14. Nfxe5 Bxg2 15. Kxg2 Nxe5 16. Bxe5 Qc6+ 17.
Qf3 Nd5 18. h4 f6 19. Bb2 e5 20. h5 Rac8 21. Rae1 Rfe8 22. Kg1 Bf8 23. Re2 g6 24.
Rfe1 Nc3 25. Re3 Nd5 26. Re4 Bg7 27. hxg6 hxg6 28. Rh4 f5 29. Bxe5 Ne7 30. Qf4 Nd5 31. Qg5 Re6 32. f4 Rce8 33. Rh2 Qb7 34. Qh4 Kf7 35.
Qh7 Rg8 36. Rhe2 Qe7 37. Qh4 Qxh4 38. gxh4 Bxe5 39. Nxe5+ Kf6 40. Nd7+ 1-0

[Event "Early-Titled-Tuesday-Blitz-February-06-2024"]
[Site "Chess.com"]
[Date "2024.02.06"]
[Round "7"]
[White "NMJeevanK"]
[Black "Witik"]
[Result "1-0"]
[WhiteElo "2613"]
[BlackElo "2765"]
[TimeControl "180+1"]
[EndTime "9:17:42 PST"]
[Termination "NMJeevanK won by resignation"]

1. e4 c6 2. c4 d5 3. cxd5 cxd5 4. exd5 Nf6 5. Nc3 Nxd5 6. d4 Nc6 7. Nf3 g6 8. Bc4 Nxc3 9. bxc3 Bg7 10. O-O O-O 11.
Rb1 Qc7 12. Bd3 e5 13. d5 Na5 14. Ba3 Rd8 15. d6 Rxd6 16. Bxd6 Qxd6 17. Be4 Qc7 18. Ng5 h6 19. Nf3 Be6 20. Qa4 Rc8 21. Rfd1 b6 22. Rbc1 Kh7 23. h4 f5 24. Bd5 Qf7 25.
Bxe6 Qxe6 26. Qd7 Re8 27. Qxa7 e4 28. Rd7 Qf6 29. Rf7 Nc6 30. Qc7 Re7 31. Rxe7 Nxe7 32.
Nd4 Qxh4 33. Ne6 Qf6 34. Nxg7 Kxg7 35. Rd1 Kf7 36. Qc4+ Qe6 37. Qb4 f4 38. Rd6 Qe5 39. Qc4+ Kg7 40. Re6 Qg5 41. Qxe4 1-0

[Event "Early-Titled-Tuesday-Blitz-February-06-2024"]
[Site "Chess.com"]
[Date "2024.02.06"]
[Round "7"]
[White "ansko1999"]
[Black "HeroWilczek"]
[Result "1-0"]
[WhiteElo "2672"]
[BlackElo "2482"]
[TimeControl "180+1"]
[EndTime "9:17:43 PST"]
[Termination "ansko1999 won by resignation"]

1. d4 Nf6 2. Bg5 d5 3. e3 e6 4.
Nd2 c5 5. c3 Nc6 6. f4 h6 7.
Bxf6 Qxf6 8. Ngf3 g5 9. g3 gxf4 10. gxf4 Be7 11. Rg1 Bd7 12. Qc2 cxd4 13. cxd4 Nb4 14.
Qb3 Rc8 15. Kf2 Bd6 16. a3 Nc6 17. Rc1 Ke7 18. Rg3 Rhg8 19. Rxg8 Rxg8 20. Qxb7 Rb8 21.
Qa6 Rb6 22. Qa4 Qg7 23. Qc2 a5 24. Nb3 Qg6 25. Bd3 Qg8 26. Nc5 Qb8 27. b3 Bxf4 28.
exf4 Qxf4 29. Nxd7 Kxd7 30. Qc5 Qc7 31. Bb5 f6 32.
Bxc6+ Rxc6 33. Qxc6+ Qxc6 34. Rxc6 Kxc6 35. Ke3 Kd6 36.
Kf4 1-0